 Dungeon Crawl Stone Soup version 0.19-a0-1886-gd64a0f0 (webtiles) character file.

4 esc the Stinger (level 1, -1/13 HPs)
             Began as a Mummy Venom Mage on Oct 15, 2016.
             Hit by a stone thrown by a kobold (2 damage)
             ... on level 1 of the Dungeon.
             The game lasted 00:01:27 (62 turns).

esc the Stinger (Mummy Venom Mage)                    Turns: 62, Time: 00:01:28

Health: -1/13      AC:  2    Str: 11    XL:     1   Next: 50%
Magic:  1/3        EV: 12    Int: 14    God:
Gold:   0          SH:  0    Dex: 12    Spells: 1 memorised, 3 levels left

rFire  x . .     SeeInvis .     c - +0 short sword
rCold  + . .     Gourm    .     a - +0 robe
rNeg   + + +     Faith    .     (no shield)
rPois  ∞         Spirit   .     (no helmet)
rElec  .         Dismiss  .     (no cloak)
rCorr  .         Reflect  .     (no gloves)
MR     .....     Harm     .     (no boots)
Stlth  ++........               (no amulet)
                                (no ring)
                                (no ring)

@: no status effects
A: no food or potions, fire vulnerability, cold resistance 1, negative energy
resistance 3, torment resistance, unbreathing
a: no special abilities


You were on level 1 of the Dungeon.
You were not hungry.

You visited 1 branch of the dungeon, and saw 1 of its levels.

Inventory:

Hand Weapons
 c - a +0 short sword (weapon)
   (You found it on level 1 of the Dungeon)
Armour
 a - a +0 robe (worn)
Books
 b - a Young Poisoner's Handbook


   Skills:
 + Level 0.2 Fighting
 + Level 0.0 Short Blades
 + Level 1.6 Dodging
 + Level 1.8 Stealth
 + Level 2.0 Spellcasting
 + Level 0.0 Conjurations
 + Level 3.3 Poison Magic


You had 3 spell levels left.
You knew the following spells:

 Your Spells              Type           Power        Failure   Level  Hunger
a - Sting                 Conj/Pois      #...         14%         1    N/A

Dungeon Overview and Level Annotations

Branches:
Dungeon (1/15)

Altars:


Innate Abilities, Weirdness & Mutations

You do not eat or drink.
Your flesh is vulnerable to fire.
You are immune to poison.
Your flesh is cold resistant. (rC+)
You are immune to negative energy. (rN+++)
You are immune to unholy pain and torment.
You can survive without breathing.


Message History

Welcome, esc the Mummy Venom Mage.
Will you prevail where others failed? Will you find the Orb of Zot?
Found a staircase leading out of the dungeon.
You open the door.
There is an open door here.
A hobgoblin and a dart slug come into view.
The hobgoblin shouts!
Aim: a hobgoblin, wielding a club The sting hits the hobgoblin.
The hobgoblin is poisoned.
The dart slug launches a dart at you. The slug dart hits you!
You take 4 damage, and have 9/13 hp.
MASSIVE DAMAGE!!
You now have 2/3 mp.
Aim: a dart slug You miscast Sting.
You are very lightly contaminated with residual magic.
Nothing appears to happen.
You now have 1/3 mp.
Aim: a dart slug The sting hits the dart slug.
The dart slug is poisoned.
You now have 0/3 mp.
The hobgoblin looks more healthy.
You barely miss the hobgoblin. The hobgoblin hits you with a club.
You take 3 damage, and have 6/13 hp.
MASSIVE DAMAGE!!
You barely miss the hobgoblin.
You feel a bit more experienced. The hobgoblin hits you with a club.
* * * LOW HITPOINT WARNING * * *
You take 5 damage, and have 1/13 hp.
MASSIVE DAMAGE!!
There is a fountain of clear blue water here.
Your magical contamination has completely faded away.
Aim: a hobgoblin, wielding a club (almost dead)
The sting hits the hobgoblin.
The hobgoblin appears unharmed.
The hobgoblin barely misses you.
You now have 1/3 mp.
Aim: a hobgoblin, wielding a club (almost dead)
The sting hits the hobgoblin.
You kill the hobgoblin!
You now have 0/3 mp.
c - a short sword Wield which item (- for none, * to show all)? (? for menu, Esc to quit)
c - a +0 short sword (weapon)
A kobold comes into view. It is wielding a dagger.
A ball python comes into view.
You see here a scroll labeled RIMOUTWAJA.
The helpless kobold fails to defend itself.
You hit the kobold. The kobold closely misses you.
You hit the kobold but do no damage. The kobold hits you but does no damage.
You closely miss the kobold.
The ball python hisses angrily.
The kobold hits you with a dagger.
* * * LOW HITPOINT WARNING * * *
You take 2 damage, and have 1/13 hp.
The kobold throws a stone.
The stone hits you.
You die...

#... ...#...#####
........#... #..
#.##.# .. #.##.#
#.##.##.# #..#.##K###
#..#.##...#.#...
#..#..@.?...S...
#...............
#.#.###########.# ..
#.# #.# #.####)# #.#
#......# #.# ######.#
#+# #.#
#.#####.#####.#......
#.............#......


You could see a ball python and a kobold.

Vanquished Creatures
  A dart slug (D:1)
  A hobgoblin (D:1)
2 creatures vanquished.

Notes
Turn   | Place    | Note
-------+----------+-------------------------------------------
     0 | D:1      | esc the Mummy Venom Mage began the quest for the Orb.
     0 | D:1      | Reached XP level 1. HP: 13/13 MP: 3/3
    20 | D:1      | HP: 1/13 [hobgoblin/club (5)]
    61 | D:1      | HP: 1/13 [kobold/dagger (2)]
    62 | D:1      | Hit by a stone thrown by a kobold

Vault maps used:
D:1:      dpeg_arrival_rooms_a, minmay_small_reverse_x

Action                   || total
-------------------------++-------
Melee: Short sword       ||     3
       Unarmed           ||     2
 Cast: Sting             ||     4
 Stab: Sleeping          ||     1
Armor: Robe              ||     1
Dodge: Dodged            ||     2

Vault maps used:
D:1:      dpeg_arrival_rooms_a, minmay_small_reverse_x

Table legend:
 A = Turns spent in this place as a percentage of turns spent in the entire game.
 B = Non-inter-level travel turns spent in this place as a percentage of non-inter-level travel turns spent in the entire game.
 C = Inter-level travel turns spent in this place as a percentage of turns spent in this place.
 D = Turns resting spent in this place as a percentage of non-inter-level travel turns spent in this place.
 E = Turns spent auto-exploring this place as a percentage of non-inter-level travel turns spent in this place.
 F = Non-inter-level travel turns spent in this place divided by the number of levels of this place that you've seen.
                   A       B       C       D       E      F
               +-------+-------+-------+-------+-------+----------------------
         Total | 100.0 | 100.0 |   0.0 |   0.0 |   1.9 |  53.0
       Dungeon | 100.0 | 100.0 |   0.0 |   0.0 |   1.9 |  53.0
               +-------+-------+-------+-------+-------+----------------------

Table legend:
 A = Kills in this place as a percentage of kills in entire the game.
 B = Kills by you in this place as a percentage of kills by you in the entire game.
 C = Kills by friends in this place as a percentage of kills by friends in the entire game.
 D = Other kills in this place as a percentage of other kills in the entire game.
 E = Experience gained in this place as a percentage of experience gained in the entire game.
 F = Experience gained in this place divided by the number of levels of this place that you have seen.
                   A       B       C       D       E      F
               +-------+-------+-------+-------+-------+----------------------
         Total | 100.0 | 100.0 |  -nan |  -nan | 100.0 |   6.0
       Dungeon | 100.0 | 100.0 |  -nan |  -nan | 100.0 |   6.0
               +-------+-------+-------+-------+-------+----------------------
